MLB
MINNESOTA TWINS @ CHICAGO WHITE SOX
08/28/2019
 
TOP OF THE 1ST
Minnesota Twins batting - Pitching for Chicago White Sox : RHP Ross Stripling
Pitching: RHP Ross Stripling
Batting: RHB Whit Merrifield 0-0: Ball
1-0: Called Strike
1-1: Foul Ball, location: 2F
1-2: Ground out 4-3 (Groundball, 34, EV 83.8 MPH)
Batting: LHB Derek Dietrich 0-0: Foul Ball, location: 2F
0-1: Swinging Strike
0-2: Strikes out swinging
Batting: LHB Freddie Freeman 0-0: Swinging Strike
0-1: Ball
1-1: Ball
2-1: Fly out, F8 (Line Drive, 8RD, EV 93.1 MPH)
Top of the 1st over - 0 runs, 0 hits, 0 errors, 0 left on base; Minnesota 0 - Chicago 0
BOTTOM OF THE 1ST
Chicago White Sox batting - Pitching for Minnesota Twins : RHP Matt Harvey
Pitching: RHP Matt Harvey
Batting: RHB Drew Jackson 0-0: Called Strike
0-1: Called Strike
0-2: Foul Ball, location: 2F
0-2: Strikes out swinging
Batting: LHB Michael Brantley 0-0: Called Strike
0-1: Called Strike
0-2: Ball
1-2: Foul Ball, location: 2F
1-2: Fly out, F8 (Flyball, 8LM, EV 90.0 MPH)
Batting: RHB Justin Turner 0-0: Ball
1-0: Foul Ball, location: 2F
1-1: Ball
2-1: Swinging Strike
2-2: Foul Ball, location: 2F
2-2: Fly out, F7 (Line Drive, 7D, EV 108.8 MPH)
Bottom of the 1st over - 0 runs, 0 hits, 0 errors, 0 left on base; Minnesota 0 - Chicago 0
TOP OF THE 2ND
Minnesota Twins batting - Pitching for Chicago White Sox : RHP Ross Stripling
Batting: RHB Carlos Correa 0-0: Called Strike
0-1: Ball
1-1: Foul Ball, location: 2F
1-2: Foul Ball, location: 2F
1-2: Foul Ball, location: 2F
1-2: Foul Ball, location: 2F
1-2: Ground out 4-3 (Groundball, 4M, EV 81.3 MPH)
Batting: LHB Jay Bruce 0-0: Ball
1-0: Swinging Strike
1-1: Ball
2-1: Foul Ball, location: 2F
2-2: Fly out, F7 (Flyball, 7, EV 79.4 MPH)
Batting: RHB Avisail Garcia 0-0: Called Strike
0-1: Swinging Strike
0-2: Ball
1-2: Ball
2-2: Foul Ball, location: 2F
2-2: Ball
3-2: Foul Ball, location: 2F
3-2: Foul Ball, location: 2F
3-2: Ground out 6-3 (Groundball, 6, EV 88.8 MPH)
Top of the 2nd over - 0 runs, 0 hits, 0 errors, 0 left on base; Minnesota 0 - Chicago 0
BOTTOM OF THE 2ND
Chicago White Sox batting - Pitching for Minnesota Twins : RHP Matt Harvey
Batting: LHB Corey Seager 0-0: Swinging Strike
0-1: Ball
1-1: Ball
2-1: Fly out, F6 (Popup, 15, EV 81.3 MPH)
Batting: LHB Brandon Belt 0-0: Called Strike
0-1: Foul Ball, location: 2F
0-2: Foul Ball, location: 2F
0-2: Strikes out looking
Batting: SHB Melky Cabrera 0-0: Ground out 6-3 (Groundball, 6M, EV 83.1 MPH)
Bottom of the 2nd over - 0 runs, 0 hits, 0 errors, 0 left on base; Minnesota 0 - Chicago 0
TOP OF THE 3RD
Minnesota Twins batting - Pitching for Chicago White Sox : RHP Ross Stripling
Batting: RHB Adam Jones 0-0: Ball
1-0: Foul Ball, location: 2F
1-1: SINGLE (Groundball, 6D, EV 99.4 MPH)
Batting: LHB Nolan Fontana 0-0: Called Strike
0-1: Swinging Strike
0-2: Strikes out swinging
Batting: RHB Roberto Perez 0-0: Swinging Strike
0-1: Ball
1-1: Ball
2-1: Ball
3-1: Foul Ball, location: 2F
3-2: Strikes out looking
Batting: RHB Whit Merrifield 0-0: Ball
1-0: Swinging Strike
1-1: Foul Ball, location: 2F
1-2: Foul Ball, location: 2F
1-2: Ball
2-2: Foul Ball, location: 2F
2-2: Foul Ball, location: 2F
2-2: Ground out 4-3 (Groundball, 4, EV 106.3 MPH)
Top of the 3rd over - 0 runs, 1 hit, 0 errors, 1 left on base; Minnesota 0 - Chicago 0
BOTTOM OF THE 3RD
Chicago White Sox batting - Pitching for Minnesota Twins : RHP Matt Harvey
Batting: RHB Jose Trevino 0-0: Ball
1-0: Ground out 1-3 (Groundball, P, EV 78.8 MPH)
Batting: LHB Andrew Toles 0-0: Foul Ball, location: 2F
0-1: SINGLE (Groundball, 6, EV 105.6 MPH) (infield hit)
Batting: LHB Marco Hernandez 0-0: Ball
1-0: Swinging Strike
1-1: Ball
2-1: Called Strike
2-2: Fielders Choice at 2nd, 6-4 (Groundball, 6, EV 100.6 MPH)
Batting: RHB Drew Jackson 0-0: Ball
1-0: SINGLE (Groundball, 56D, EV 95.0 MPH)
Marco Hernandez to second
Batting: LHB Michael Brantley 0-0: Called Strike
0-1: Ball
1-1: Ball
2-1: Ball
3-1: Fly out, F8 (Flyball, 8LS, EV 91.9 MPH)
Bottom of the 3rd over - 0 runs, 2 hits, 0 errors, 2 left on base; Minnesota 0 - Chicago 0
TOP OF THE 4TH
Minnesota Twins batting - Pitching for Chicago White Sox : RHP Ross Stripling
Batting: LHB Derek Dietrich 0-0: Ball
1-0: Called Strike
1-1: Foul Ball, location: 2F
1-2: Strikes out swinging
Batting: LHB Freddie Freeman 0-0: Ball
1-0: Ball
2-0: Called Strike
2-1: Ball
3-1: Foul Ball, location: 2F
3-2: Foul Ball, location: 2F
3-2: Fly out, F8 (Flyball, 89XD, EV 84.4 MPH)
Batting: RHB Carlos Correa 0-0: Called Strike
0-1: Ball
1-1: Ball
2-1: Called Strike
2-2: Ground out 3-1 (Groundball, 34, EV 87.5 MPH)
Top of the 4th over - 0 runs, 0 hits, 0 errors, 0 left on base; Minnesota 0 - Chicago 0
BOTTOM OF THE 4TH
Chicago White Sox batting - Pitching for Minnesota Twins : RHP Matt Harvey
Batting: RHB Justin Turner 0-0: Called Strike
0-1: Ball
1-1: SINGLE (Line Drive, 9S, EV 104.4 MPH)
Batting: LHB Corey Seager 0-0: Called Strike
0-1: Ball
1-1: Foul Ball, location: 2F
1-2: SINGLE (Line Drive, 34D, EV 99.4 MPH)
Justin Turner to second
Batting: LHB Brandon Belt 0-0: Swinging Strike
0-1: Hit by Pitch
Justin Turner to third
Corey Seager to second
Batting: SHB Melky Cabrera 0-0: Ball
1-0: Fly out, F6 (Popup, 6, EV 63.1 MPH)
Batting: RHB Jose Trevino 0-0: Ball
1-0: Foul Ball, location: 2F
1-1: Ball
2-1: DOUBLE (Line Drive, 78M, EV 91.9 MPH)
Justin Turner scores
Corey Seager scores
Brandon Belt to third
Batting: LHB Andrew Toles 0-0: Foul Ball, location: 2F
0-1: Called Strike
0-2: Ball
1-2: Strikes out swinging
Batting: LHB Marco Hernandez 0-0: Ball
1-0: Foul Ball, location: 2F
1-1: Swinging Strike
1-2: Foul Ball, location: 2F
1-2: Ball
2-2: Foul Ball, location: 2F
2-2: Strikes out looking
Bottom of the 4th over - 2 runs, 3 hits, 0 errors, 2 left on base; Minnesota 0 - Chicago 2
TOP OF THE 5TH
Minnesota Twins batting - Pitching for Chicago White Sox : RHP Ross Stripling
Batting: LHB Jay Bruce 0-0: Ball
1-0: Ground out U3 (Groundball, 34, EV 87.5 MPH)
Batting: RHB Avisail Garcia 0-0: Called Strike
0-1: Foul Ball, location: 2F
0-2: Ball
1-2: Strikes out swinging
Batting: RHB Adam Jones 0-0: Called Strike
0-1: Swinging Strike
0-2: Ball
1-2: Ball
2-2: Ball
3-2: Strikes out swinging
Top of the 5th over - 0 runs, 0 hits, 0 errors, 0 left on base; Minnesota 0 - Chicago 2
BOTTOM OF THE 5TH
Chicago White Sox batting - Pitching for Minnesota Twins : RHP Matt Harvey
Batting: RHB Drew Jackson 0-0: Ball
1-0: Called Strike
1-1: Swinging Strike
1-2: Ground out 6-3 (Groundball, 6, EV 79.4 MPH)
Batting: LHB Michael Brantley 0-0: Ball
1-0: SINGLE (Popup, 13S, EV 81.9 MPH)
Batting: RHB Justin Turner 0-0: Called Strike
0-1: Ball
Michael Brantley steals 2nd base
1-1: Foul Ball, location: 2F
1-2: Ground out 4-3 (Groundball, 34, EV 82.5 MPH)
Michael Brantley to third
Batting: LHB Corey Seager 0-0: Fly out, F9 (Flyball, 8RS, EV 74.4 MPH)
Bottom of the 5th over - 0 runs, 1 hit, 0 errors, 1 left on base; Minnesota 0 - Chicago 2
TOP OF THE 6TH
Minnesota Twins batting - Pitching for Chicago White Sox : RHP Ross Stripling
Pitching: LHP Brian Clark
Batting: LHB Nolan Fontana 0-0: Ground out 6-3 (Groundball, 4M, EV 86.3 MPH)
Batting: RHB Roberto Perez 0-0: Called Strike
0-1: Ball
1-1: Fly out, F9 (Flyball, 9S, EV 92.5 MPH)
Batting: RHB Whit Merrifield 0-0: Called Strike
0-1: Ball
1-1: Ball
2-1: Fly out, F8 (Flyball, 8RM, EV 88.1 MPH)
Top of the 6th over - 0 runs, 0 hits, 0 errors, 0 left on base; Minnesota 0 - Chicago 2
BOTTOM OF THE 6TH
Chicago White Sox batting - Pitching for Minnesota Twins : RHP Matt Harvey
Batting: LHB Brandon Belt 0-0: Called Strike
0-1: Ground out 4-3 (Groundball, 4, EV 103.1 MPH)
Batting: SHB Melky Cabrera 0-0: Called Strike
0-1: Ball
1-1: Foul Ball, location: 2F
1-2: Ground out 6-3 (Groundball, 6, EV 81.3 MPH)
Batting: RHB Jose Trevino 0-0: Ball
1-0: Foul Ball, location: 2F
1-1: Fly out, F9 (Flyball, 89M, EV 87.5 MPH)
Bottom of the 6th over - 0 runs, 0 hits, 0 errors, 0 left on base; Minnesota 0 - Chicago 2
TOP OF THE 7TH
Minnesota Twins batting - Pitching for Chicago White Sox : LHP Brian Clark
Batting: LHB Derek Dietrich 0-0: SINGLE (Line Drive, 78S, EV 105.6 MPH)
Batting: LHB Freddie Freeman 0-0: SINGLE (Groundball, 4MD, EV 100.6 MPH)
Derek Dietrich to second
Batting: RHB Carlos Correa 0-0: Foul Ball, location: 2F
0-1: Foul Ball, location: 2F
0-2: Ball
1-2: Fielders Choice at 2nd, 5-4 (Groundball, 5S, EV 83.8 MPH)
Derek Dietrich to third
Batting: LHB Jay Bruce 0-0: Ball
Pickoff Throw to First - Out! 1-3
1-0: Fly out, F7 (Flyball, 7D, EV 97.5 MPH)
Top of the 7th over - 0 runs, 2 hits, 0 errors, 1 left on base; Minnesota 0 - Chicago 2
BOTTOM OF THE 7TH
Chicago White Sox batting - Pitching for Minnesota Twins : RHP Matt Harvey
Batting: LHB Andrew Toles 0-0: Ball
1-0: Ball
2-0: Ball
3-0: Called Strike
3-1: Base on Balls
Batting: LHB Marco Hernandez 0-0: Sac Bunt to 15S - play at first, batter OUT! 1-3
Andrew Toles to second
Batting: RHB Drew Jackson 0-0: Called Strike
0-1: Foul Ball, location: 2F
0-2: Foul Ball, location: 2F
0-2: Ball
1-2: Foul Ball, location: 2F
1-2: Fly out, F9 (Flyball, 9LM, EV 80.0 MPH)
Batting: LHB Michael Brantley 0-0: Ball
1-0: Ball
2-0: Foul Ball, location: 2F
2-1: Foul Ball, location: 2F
2-2: Strikes out swinging
Bottom of the 7th over - 0 runs, 0 hits, 0 errors, 1 left on base; Minnesota 0 - Chicago 2
TOP OF THE 8TH
Minnesota Twins batting - Pitching for Chicago White Sox : LHP Brian Clark
Pitching: RHP Trevor Gott
Batting: RHB Avisail Garcia 0-0: Foul Ball, location: 2F
0-1: Ball
1-1: SINGLE (Groundball, 56D, EV 101.9 MPH)
Batting: RHB Adam Jones 0-0: Ball
1-0: Grounds into double play, 5-4-3 (Groundball, 56, EV 91.3 MPH)
Batting: LHB Nolan Fontana 0-0: Ball
1-0: Called Strike
1-1: Swinging Strike
1-2: Foul Ball, location: 2F
1-2: Foul Ball, location: 2F
1-2: Ball
2-2: Foul Ball, location: 2F
2-2: Ball
3-2: Strikes out swinging
Top of the 8th over - 0 runs, 1 hit, 0 errors, 0 left on base; Minnesota 0 - Chicago 2
BOTTOM OF THE 8TH
Chicago White Sox batting - Pitching for Minnesota Twins : RHP Matt Harvey
Pitching: RHP Tommy Kahnle
Batting: RHB Justin Turner 0-0: Called Strike
0-1: Called Strike
0-2: Strikes out swinging
Batting: LHB Corey Seager 0-0: Ball
1-0: Ball
2-0: Ball
3-0: Base on Balls
Batting: LHB Brandon Belt 0-0: Ball
1-0: Ball
2-0: Swinging Strike
2-1: Ball
3-1: Called Strike
3-2: Foul Ball, location: 2F
3-2: Strikes out swinging
Corey Seager steals 2nd base
Batter strikes out.
Batting: SHB Melky Cabrera 0-0: Intentional Walk
Batting: RHB Jose Trevino 0-0: Foul Ball, location: 2F
0-1: Swinging Strike
0-2: Fly out, F8 (Flyball, 8LXD, EV 105.0 MPH)
Bottom of the 8th over - 0 runs, 0 hits, 0 errors, 2 left on base; Minnesota 0 - Chicago 2
TOP OF THE 9TH
Minnesota Twins batting - Pitching for Chicago White Sox : RHP Trevor Gott
Pitching: LHP Richard Lovelady
Batting: RHB Roberto Perez 0-0: Ball
1-0: Called Strike
1-1: Ball
2-1: Called Strike
2-2: Foul Ball, location: 2F
2-2: Ball
3-2: Strikes out swinging
Batting: RHB Whit Merrifield 0-0: SINGLE (Flyball, 9LS, EV 97.5 MPH)
Pinch Hitting: RHB Chris Iannetta 0-0: Ball
1-0: Ball
2-0: Grounds into double play, 6-4-3 (Groundball, 6, EV 102.5 MPH)
Top of the 9th over - 0 runs, 1 hit, 0 errors, 0 left on base; Minnesota 0 - Chicago 2
Monday, December 2nd, 2019 - OOTP Baseball 20.8 Build 73